 Dungeon Crawl Stone Soup version 0.20-a0-959-gdc9e609 (webtiles) character file.

67132 4thArraOfDagon the Arsonist (level 14, -4/98 HPs)
             Began as a Mummy Fire Elementalist on Apr 6, 2017.
             Was an Initiate of Gozag.
             Slain by an alligator (7 damage)
             ... on level 1 of the Swamp.
             The game lasted 01:40:12 (23560 turns).

4thArraOfDagon the Arsonist (MuFE)                 Turns: 23560, Time: 01:40:12

Health: -4/98      AC:  9    Str: 15    XL:     14   Next: 81%
Magic:  1/26       EV: 17    Int: 18    God:    Gozag
Gold:   3035       SH:  2    Dex: 12    Spells: 10/29 levels left

rFire    . . .     SeeInvis .   t - +12 battleaxe "Huatuem Pid" {venom, Str+3}
rCold    + + +     Gourm    .   (shield currently unavailable)
rNeg     + + +     Faith    .   l - +0 robe "Trusted Companion" {rC+++ MR+++ Dex-4 Stlth+}
rPois    ∞         Spirit   .   m - +0 helmet
rElec    .         Reflect  +   E - +0 cloak
rCorr    .         Harm     .   b - +2 pair of gloves {Dex+3}
MR       ++++.                  j - +1 pair of boots
Stlth    +++.......             O - +2 amulet of reflection
Regen    0.3/turn               d - ring of fire
MPRegen  0.2/turn               g - +3 ring of evasion

@: gold aura, very slightly contaminated
A: no food or potions, fire vulnerability, cold resistance 1, negative energy
resistance 3, torment resistance, unbreathing, in touch with death 1
a: Potion Petition, Call Merchant, Bribe Branch, Renounce Religion


You were on level 1 of the Swamp.
You worshipped Gozag.
Gozag was most pleased with you.
You were not hungry.

You visited 5 branches of the dungeon, and saw 25 of its levels.
You also visited: Labyrinth and Volcano.

You collected 6680 gold pieces.
You spent 2149 gold pieces at shops.
You paid 1496 gold pieces to Gozag.

Inventory:

Hand Weapons
 a - the +11 flail of Egomania {crush, Str+2}
   (You found it on level 4 of the Lair of Beasts)

   It inflicts extra damage upon your enemies.
   It affects your strength (+2).
 c - a +0 blowgun
 t - the +12 battleaxe "Huatuem Pid" (weapon) {venom, Str+3}
   (You took it off a minotaur in a labyrinth)

   It poisons the flesh of those it strikes.
   It affects your strength (+3).
 J - the +3 trident of Qyzehur {elec, rN+ Int+4}
   (You took it off an orc priest on level 10 of the Dungeon)

   Occasionally, upon striking a foe, it will discharge some electrical energy
   and cause terrible harm.
   It affects your intelligence (+4).
   It protects you from negative energy.
Missiles
 z - 8 curare-tipped needles
 Q - a throwing net (quivered)
 Z - 8 tomahawks of dispersal
Armour
 b - a +2 pair of gloves of dexterity (worn)
 j - a +1 pair of boots (worn)
 l - the +0 robe "Trusted Companion" (worn) {rC+++ MR+++ Dex-4 Stlth+}
   (You found it on level 5 of the Lair of Beasts)

   It affects your dexterity (-4).
   It renders you almost immune to cold.
   It affects your resistance to hostile enchantments.
   It makes you more stealthy.
 m - a +0 helmet (worn)
 E - a +0 cloak (worn)
Jewellery
 d - a ring of fire (left hand)
 g - a +3 ring of evasion (right hand)
 h - an uncursed ring of protection from fire
 p - an uncursed ring of protection from magic
 O - a +2 amulet of reflection (around neck)
Wands
 e - a wand of iceblast (9/15)
 i - a wand of digging (6/24)
 o - a wand of disintegration (0/24)
 q - a wand of flame (7/48)
 r - a wand of polymorph (0/24)
 A - a wand of random effects (19/48)
 B - a wand of lightning (12/15)
 C - a wand of acid (4/15)
 F - a wand of lightning (6/15)
 G - a wand of enslavement (12/24)
 I - a wand of lightning (7/15)
 K - a wand of iceblast (2/15)
 M - a wand of clouds (0/9)
 P - a wand of acid (2/15)
 R - a wand of random effects (26/48)
 S - a wand of digging (0/24)
 X - a wand of enslavement (17/24)
Scrolls
 k - 6 scrolls of remove curse
 n - a scroll of identify
 s - 3 scrolls of magic mapping
 u - a scroll of amnesia
 v - 4 scrolls of teleportation
 w - a scroll of immolation
 x - 2 scrolls of fear
 y - a scroll of fog
 D - a scroll of blinking
 H - 5 scrolls of enchant weapon
 N - a scroll of enchant armour
 W - a scroll of silence
 Y - a scroll of summoning
Books
 L - a book of Clouds

   Spells                             Type                      Level
   a - Poisonous Vapours              Poison/Air                   2
   b - Mephitic Cloud                 Conjuration/Poison/Air       3
   c - Conjure Flame                  Conjuration/Fire             3
   d - Freezing Cloud                 Conjuration/Ice/Air          6
   e - Ring of Flames                 Charms/Fire                  7
 T - the Catalogue of the Rocks and Arcane Weapons
   (You bought it in a shop on level 1 of the Orcish Mines)

   Spells                             Type                      Level
   a - Shock                          Conjuration/Air              1
   b - Iskenderun's Mystic Blast      Conjuration                  4
   c - Throw Icicle                   Conjuration/Ice              4
   d - Bolt of Magma                  Conjuration/Fire/Earth       5
   e - Bolt of Fire                   Conjuration/Fire             6
 U - a book of Conjurations

   Spells                             Type                      Level
   a - Magic Dart                     Conjuration                  1
   b - Searing Ray                    Conjuration                  2
   c - Dazzling Spray                 Conjuration/Hexes            3
   d - Fulminant Prism                Conjuration/Hexes            4
   e - Force Lance                    Conjuration/Translocation    4
   f - Iskenderun's Mystic Blast      Conjuration                  4
Miscellaneous
 f - a fan of gales (inert)


   Skills:
 + Level 5.2 Fighting
 * Level 6.7 Axes
 - Level 2.0 Armour
 + Level 4.6 Dodging
 - Level 1.5 Stealth
 - Level 8.0 Spellcasting
 - Level 13.5 Conjurations
 - Level 13.8 Fire Magic


You had 10 spell levels left.
You knew the following spells:

 Your Spells              Type           Power        Failure   Level  Hunger
a - Flame Tongue          Conj/Fire      #####        1%          1    N/A
b - Conjure Flame         Conj/Fire      ######..     1%          3    N/A
c - Sticky Flame          Conj/Fire      ######..     1%          4    N/A
d - Fireball              Conj/Fire      ######....   1%          5    N/A
e - Bolt of Fire          Conj/Fire      ######....   8%          6    N/A

Dungeon Overview and Level Annotations

Branches:
Dungeon (15/15)            Temple (1/1) D:4            Lair (6/6) D:10
  Swamp (1/4) Lair:3        Slime (0/5) Lair:6          Orc (2/2) D:11
    Elf (0/3) Orc:2
  Snake: Lair:2-4    Spider: Lair:2-4    Vaults: D:13-14     Depths: D:15

Altars:
Ashenzari
Cheibriados
Dithmenos
Elyvilon
Fedhas
Gozag
Hepliaklqana
Kikubaaqudgha
Makhleb
Nemelex Xobeh
Qazlal
Ru
Sif Muna
Trog
Uskayaw
Vehumet
Wu Jian
Xom
Yredelemnul
Zin
The Shining One

Shops:
D:6 *   D:8 ?*   Orc:1 :   Orc:2 *[([%}

Annotations:
Lair:1 Nergalle
Lair:4 quik's ghost, journeyman MfSu
Orc:2 Azrael


Innate Abilities, Weirdness & Mutations

You do not eat or drink.
Your flesh is vulnerable to fire.
You are immune to poison.
Your flesh is cold resistant. (rC+)
You are immune to negative energy. (rN+++)
You are immune to unholy pain and torment.
You can survive without breathing.
You are in touch with the powers of death.


Message History

This wand has 3 charges left.
The alligator is engulfed in noxious fumes. x2
The alligator is distracted by your gold.
Unknown command.
Unknown command.
Evoke which item? (* to show all) (? for menu, Esc to quit)
Aiming: Corrosive Bolt
Press: ? - help, Shift-Dir - straight line, f/p - alligator
Aim: an alligator (noxious fumes, water, moderately wounded, covering ground quickly, hasn't noticed you)
The bolt of acid hits the alligator.
The alligator is splashed with acid.
The acid corrodes the alligator!
The alligator is heavily wounded.
The alligator is no longer distracted by gold.
This wand has 2 charges left.
The alligator is engulfed in noxious fumes. x2
The alligator appears confused.
The alligator bites you!!
* * * LOW HITPOINT WARNING * * *
The alligator tail-slaps you!
You die...
Your body crumbles into a pile of gold.

*,≈≈,*,,,,,,*♣..≈..≈≈≈≈≈.≈***,≈$
**≈≈≈**,,,,**♣≈≈....≈≈≈≈.,≈,,,,,
*≈≈≈*******♣♣≈≈≈.♣♣.≈≈≈≈≈,,,,,,
*,,,***♣♣♣♣♣≈≈≈≈.♣♣♣.≈..,,≈,,≈,
**≈≈**≈....≈≈.≈≈≈.♣*..≈.≈***,,≈
*,,,,≈≈≈..≈..≈≈≈≈§♣**.≈≈,***,,≈
*,≈≈,,≈≈.♣♣.≈≈≈≈.♣♣ **≈,≈**≈,,≈
*,≈,,,,..♣♣.≈≈≈.♣♣ **≈,≈*≈≈≈,,
*≈,≈**,.....≈≈@♣♣ *,≈≈,,≈≈≈,,
**,,***.≈≈≈≈≈≈t≈♣ *,≈≈,≈,≈≈≈,
*≈,≈**.≈≈≈≈≈§§§♣ *,≈≈,**,≈*,
***,≈**.≈≈≈§≈§§♣♣*****≈,,*,≈,≈,
*,≈≈≈≈≈..≈≈.§§§§*≈≈*******≈≈≈,,
*,≈≈≈≈≈≈≈≈≈≈.≈§≈*,,,≈≈≈****,,,,
*,,,,≈≈≈≈≈≈≈≈≈≈≈*,≈,,≈≈≈****,,≈
***≈,,≈≈≈≈≈≈..≈≈.,,,,≈≈≈,* *,,,
***,,,,≈≈,≈≈,≈≈,,,,,≈,,****,,


You could see an alligator (confused).

Vanquished Creatures
  The ghost of Ratty the Protected, a journeyman MiBe of Trog (Orc:2)
  An orc warlord (Orc:1)
  A minotaur (Lab)
  A hydra (Lair:6)
  3 catoblepae (Lair:6)
  2 centaur warriors
  6 two-headed ogres
  An alligator (Swamp:1)
  6 orc high priests
  3 death yaks (Lair:6)
  Sonja (Lair:4)
  A fire crab (Lair:6)
  An unseen horror (D:12)
  A swamp dragon (Swamp:1)
  11 orc knights
  An ugly thing (D:12)
  2 orc sorcerers
  3 manticores
  A cyclops (Orc:1)
  Maurice (D:8)
  A toenail golem (Lair:1)
  2 black mambas
  2 centaur zombies (D:12)
  14 spiny frogs
  4 rime drakes
  A gargoyle (D:12)
  4 komodo dragons
  A tengu conjurer (D:12)
  2 kobold demonologists
  4 trolls
  6 blink frogs
  9 hippogriffs
  2 hornets
  4 slime creatures (Lair:6)
  5 dream sheep (Lair:6)
  Prince Ribbit (D:8)
  2 wraiths
  A human (D:11)
  2 wyverns
  39 yaks
  2 basilisks
  5 hungry ghosts
  6 wargs
  4 vampire mosquitoes (Swamp:1)
  7 water moccasins
  A swamp drake (Swamp:1)
  2 hell hounds
  3 porcupines
  45 orc warriors
  2 sky beasts
  5 ice beasts
  2 black bears
  2 eyes of draining
  2 necrophages
  9 centaurs
  12 ogres
  A phantom (D:11)
  19 crocodiles
  19 bullfrogs
  4 big kobolds
  2 gnoll sergeants
  A wyvern skeleton (D:12)
  9 scorpions
  10 killer bees
  21 wights
  2 howler monkeys (D:11)
  4 bullfrog zombies
  7 crimson imps
  10 hounds
  8 jellies
  2 gnoll shamans
  5 human zombies (D:9)
  44 orc priests
  A centaur skeleton (D:11)
  Jessica (D:2)
  2 human skeletons (D:9)
  4 iguanas
  A bullfrog skeleton (D:8)
  Natasha (thrice) (D:5)
  24 orc wizards
  7 worker ants
  A hound zombie (D:6)
  A hound skeleton (D:11)
  2 mummies (D:9)
  A worker ant zombie (D:10)
  12 adders
  23 gnolls
  2 adder zombies (D:5)
  An adder skeleton (D:5)
  3 worms
  4 dart slugs (D:1)
  7 leopard geckos
  109 orcs
  9 bats
  5 giant cockroaches
  9 goblins
  7 hobgoblins
  6 jackals
  4 quokkas
  2 ball pythons
  A ball python skeleton (D:4)
  4 frilled lizards
  19 kobolds
  A leopard gecko zombie (D:6)
  An orc zombie (D:9)
  A quokka zombie (D:5)
  9 rats
718 creatures vanquished.

Vanquished Creatures (others)
  2 fungi (Lair:6)
  A plant (Lair:6)
3 creatures vanquished.

Grand Total: 721 creatures vanquished

Notes
Turn   | Place    | Note
-------+----------+-------------------------------------------
     0 | D:1      | 4thArraOfDagon the Mummy Fire Elementalist began the quest for the Orb.
     0 | D:1      | Reached XP level 1. HP: 13/13 MP: 4/4
    19 | D:3      | Noticed Natasha
    19 | D:3      | Noticed an orc wizard
    40 | D:2      | Reached skill level 1 in Conjurations
    73 | D:2      | Reached XP level 2. HP: 19/19 MP: 2/5
   279 | D:2      | Reached XP level 3. HP: 12/24 MP: 4/7
   287 | D:2      | Learned a level 3 spell: Conjure Flame
   362 | D:2      | Noticed Sigmund
   572 | D:3      | Reached XP level 4. HP: 27/30 MP: 2/8
   629 | D:2      | Noticed Jessica
   632 | D:2      | Killed Jessica
   965 | D:2      | Learned a level 4 spell: Sticky Flame
  1105 | D:5      | Entered Level 5 of the Dungeon
  1113 | D:5      | Killed Natasha
  1113 | D:5      | Reached XP level 5. HP: 10/35 MP: 7/10
  1514 | D:6      | Reached XP level 6. HP: 41/41 MP: 6/12
  1611 | D:6      | Found Betasis's Elemental Accessories.
  1689 | D:7      | Noticed a hippogriff
  1710 | D:7      | Learned a level 5 spell: Fireball
  1996 | D:7      | Reached XP level 7. HP: 42/46 MP: 4/14
  2202 | D:7      | Reached skill level 5 in Fire Magic
  2459 | D:6      | Reached skill level 5 in Spellcasting
  2799 | D:5      | Noticed Natasha
  2813 | D:5      | Killed Natasha
  2831 | D:5      | Reached XP level 8. HP: 46/52 MP: 1/16
  2921 | D:5      | Reached skill level 5 in Conjurations
  3156 | D:4      | Found a staircase to the Ecumenical Temple.
  3165 | Temple   | Entered the Ecumenical Temple
  3194 | Temple   | Became a worshipper of Gozag Ym Sagoz the Greedy
  3424 | D:3      | Found a stormy altar of Qazlal.
  3721 | D:2      | Noticed Sigmund
  3721 | D:2      | Sigmund changed into Sigmund the scorpion
  3727 | D:2      | Killed Sigmund the scorpion
  4441 | D:4      | Found a radiant altar of Vehumet.
  5037 | D:5      | Noticed Natasha
  5039 | D:5      | Found a hazy altar of Hepliaklqana.
  5044 | D:5      | Killed Natasha
  5666 | D:6      | Reached XP level 9. HP: 22/57 MP: 1/18
  6428 | D:8      | Noticed Maurice
  6428 | D:8      | Noticed Prince Ribbit
  6460 | D:8      | Found Plog's Magic Scroll Shoppe.
  6468 | D:8      | Bought a scroll of identify for 26 gold pieces
  6468 | D:8      | Bought a scroll of identify for 26 gold pieces
  6468 | D:8      | Bought a scroll of blinking for 97 gold pieces
  6468 | D:8      | Bought a scroll of identify for 26 gold pieces
  6468 | D:8      | Bought a scroll of magic mapping for 45 gold pieces
  6468 | D:8      | Bought a scroll of identify for 26 gold pieces
  6468 | D:8      | Bought a scroll of identify for 26 gold pieces
  6468 | D:8      | Bought a scroll of blinking for 97 gold pieces
  6468 | D:8      | Bought a scroll of identify for 26 gold pieces
  6527 | D:8      | Killed Prince Ribbit
  6582 | D:8      | Killed Maurice
  6712 | D:8      | Reached XP level 10. HP: 63/63 MP: 15/21
  6714 | D:8      | Found Dufi's Assorted Antiques.
  6732 | D:8      | Bought a crystal whip for 225 gold pieces
  6732 | D:8      | Bought 3 scrolls of identify for 180 gold pieces
  6732 | D:8      | Identified the +5 whip of Dung {antimagic, rPois Str+6 Dex-3} (You bought it in a shop on level 8 of the Dungeon)
  6750 | D:8      | You fall through a shaft!
  7033 | D:8      | Found an ancient bone altar of Kikubaaqudgha.
  7399 | D:9      | Found a basalt altar of Yredelemnul.
  8157 | D:9      | Noticed a two-headed ogre
  8166 | D:9      | Killed a two-headed ogre
  8259 | D:10     | Entered Level 10 of the Dungeon
  8588 | D:10     | Reached XP level 11. HP: 59/68 MP: 23/23
  8599 | D:10     | Got an encrusted trident {elec}
  8600 | D:10     | Identified the +3 trident of Qyzehur {elec, rN+ Int+4} (You took it off an orc priest on level 10 of the Dungeon)
  8721 | D:10     | Found a staircase to the Lair.
  8928 | D:11     | Reached skill level 10 in Fire Magic
  9429 | D:11     | Found a staircase to the Orcish Mines.
  9434 | D:11     | Noticed a two-headed ogre
  9470 | D:11     | Killed a two-headed ogre
  9470 | D:11     | Reached skill level 10 in Conjurations
  9800 | D:11     | Noticed a red ugly thing
 10399 | D:12     | Noticed a two-headed ogre
 10405 | D:12     | Killed a two-headed ogre
 10414 | D:12     | Found a shimmering altar of Xom.
 10441 | D:12     | Noticed an unseen horror
 10442 | D:12     | Killed an unseen horror
 10800 | D:15     | Entered Level 15 of the Dungeon
 10800 | D:15     | Noticed a brown ugly thing
 10800 | D:15     | Noticed a brown ugly thing
 10800 | D:15     | Noticed a brown ugly thing
 10800 | D:15     | Noticed a brown ugly thing
 10939 | D:14     | Reached XP level 12. HP: 74/74 MP: 13/24
 11181 | D:15     | Noticed a two-headed ogre
 11183 | D:15     | Noticed a two-headed ogre
 11184 | D:15     | Noticed a two-headed ogre
 11184 | D:15     | Noticed a two-headed ogre
 11185 | D:15     | Noticed an ogre mage
 11185 | D:15     | Noticed a two-headed ogre
 11186 | D:15     | Noticed a centaur warrior
 11186 | D:15     | Killed a two-headed ogre
 11194 | D:15     | Killed a two-headed ogre
 11194 | D:15     | Killed a two-headed ogre
 11196 | D:15     | Killed a centaur warrior
 11525 | D:13     | Noticed a centaur warrior
 11536 | D:13     | Killed a centaur warrior
 12755 | Orc:1    | Entered Level 1 of the Orcish Mines
 13482 | Orc:1    | Noticed an orc warlord
 14336 | Orc:1    | Noticed an orc high priest
 14361 | Orc:1    | Killed an orc high priest
 14593 | Orc:2    | Entered Level 2 of the Orcish Mines
 14596 | Orc:2    | Gained mutation: You are in touch with the powers of death. [Mummy growth]
 14596 | Orc:2    | Reached XP level 13. HP: 79/79 MP: 21/25
 14597 | Orc:2    | Noticed Ratty's ghost (journeyman MiBe)
 14686 | Orc:2    | Noticed Azrael
 15011 | Orc:2    | Found a staircase to the Elven Halls.
 15011 | Orc:2    | Found Koyboexe's Assorted Antiques.
 15017 | Orc:2    | Bought a dented garnet amulet for 140 gold pieces
 15355 | Orc:1    | Killed an orc warlord
 15659 | Orc:1    | Bought the Catalogue of the Rocks and Arcane Weapons for 992 gold pieces
 15667 | Orc:1    | Learned a level 6 spell: Bolt of Fire
 16190 | Orc:2    | Killed Ratty's ghost
 18640 | Orc:2    | Found Gelaec's Antique Armour Emporium.
 18640 | Orc:2    | Found Wuyjuqeh's Antique Weapon Emporium.
 18641 | Orc:2    | Found Pioqirph's Gadget Emporium.
 18641 | Orc:2    | Found Nusedo Othrul's Food Shoppe.
 18656 | Orc:2    | Bought a pair of runed gloves for 217 gold pieces
 18783 | Lair:1   | Entered Level 1 of the Lair of Beasts
 18796 | Lair:1   | Found a dark tunnel.
 18801 | Volcano  | Entered a volcano
 18882 | Lair:1   | Found a labyrinth entrance.
 18891 | Lab      | Entered a labyrinth
 18991 | Lab      | Noticed a minotaur
 18995 | Lab      | Killed a minotaur
 18999 | Lab      | Got a faintly glowing battleaxe {venom}
 19009 | Lab      | Identified the Disquisition on Malediction
 19015 | Lab      | Identified the +12 battleaxe "Huatuem Pid" {venom, Str+3} (You took it off a minotaur in a labyrinth)
 19202 | Lair:1   | Reached skill level 1 in Fighting
 19202 | Lair:1   | Reached skill level 1 in Axes
 19254 | Lair:1   | Noticed Nergalle
 19643 | Lair:1   | You fall through a shaft!
 19802 | Lair:3   | Reached skill level 1 in Armour
 19901 | Lair:3   | Reached XP level 14. HP: 73/88 MP: 3/26
 20166 | Lair:4   | Noticed Sonja
 20174 | Lair:4   | Killed Sonja
 20207 | Lair:4   | Noticed quik's ghost (journeyman MfSu)
 20258 | Lair:6   | Entered Level 6 of the Lair of Beasts
 20618 | Lair:5   | Identified the +0 robe "Trusted Companion" {rC+++ MR+++ Dex-4 Stlth+} (You found it on level 5 of the Lair of Beasts)
 20670 | Lair:4   | Got an ancient flail
 20674 | Lair:4   | Identified the +11 flail of Egomania {crush, Str+2} (You found it on level 4 of the Lair of Beasts)
 21178 | Lair:6   | Found a staircase to the Slime Pits.
 21870 | Lair:6   | Reached skill level 5 in Axes
 23402 | Lair:3   | Found a staircase to the Swamp.
 23441 | Lair:3   | Reached skill level 5 in Fighting
 23476 | Swamp:1  | Entered Level 1 of the Swamp
 23560 | Swamp:1  | HP: 3/98 [alligator (23)]
 23560 | Swamp:1  | Slain by an alligator

Vault maps used:
D:1:      lemuel_arrival_behind_the_door_small
D:2:      uniq_sigmund, uniq_jessica
D:3:      nicolae_qazlal_eye_of_the_storm, uniq_natasha
D:4:      kennysheep_mini, minmay_temple_entry_mist, first_bread,
          cheibrodos_gnoll_hut
D:5:      lemuel_crystal_altar
D:6:      gup_sewer_entry_pipe, nicolae_elemental_shop
D:7:      lemuel_doored_altar
D:8:      old_standard_altar, serial_shops, nicolae_shop_stone, shop, shop,
          uniq_maurice, uniq_prince_ribbit1
D:9:      lemuel_mausoleum_altar_yredelemnul
D:10:     lair_entry_dummy
D:11:     erik_orc_4
D:12:     basic_altar, grunt_tengu_nest
D:14:     erik_vaults_1, serial_corexii_hall, corexii_hall_statues_x,
          corexii_hall_statues_i
D:15:     grunt_enter_depths_snipers, roderic_greek_sauvastika
Temple:   compressed_dpeg_circular_temple
Lair:1:   lab_entry_generic, enter_volcano_4, uniq_nergalle
Lair:2:   guppyfry_snake_entry_island, beast_lair_carwin_5
Lair:3:   minmay_swamp_entry_reptiles
Lair:4:   grunt_megastairs_3, uniq_sonja
Lair:6:   evilmike_catoblepas_cave, minmay_slime_entry_pillars
Swamp:1:  portal_ice_cave_entry_ice_statue_one, infiniplex_staircase_pool,
          swamp_pool4
Orc:1:    serial_shops, statue_in_the_mist_lemuel
Orc:2:    st_orc_pillars, serial_shops, shop, mumra_transporter_accident,
          nicolae_orc_lava_tube, nicolae_orc_tapped_out, uniq_azrael
Lab:      nicolae_lab_dead_adventurers, labyrinth_fake_exit, nicolae_lab_stuck
Volcano:  volcano_bunker

Skill      XL: |  1  2  3  4  5  6  7  8  9 10 11 12 13 14 |
---------------+-------------------------------------------+-----
Conjurations   | 1 2 3 4 6 7 9 11 12 13 | 13.5
Fire Magic     | 3 4 5 6 8 9 11 12 13 | 13.8
Spellcasting   | 3 4 5 6 7 8 |  8.0
Fighting       | 1 5 |  5.2
Axes           | 2 6 |  6.7
Dodging        | 2 4 |  4.6
Armour         | 1 2 |  2.0
Stealth        | |  1.5

Action                   |  1- 3 |  4- 6 |  7- 9 | 10-12 | 13-15 || total
-------------------------+-------+-------+-------+-------+-------++-------
Melee: Short sword       |    22 |    28 |     7 |       |       ||    57
       War axe           |       |       |   171 |   149 |       ||   320
       Trident           |       |       |       |   276 |   244 ||   520
       Battleaxe         |       |       |       |       |    90 ||    90
 Cast: Flame Tongue      |    44 |    58 |    82 |    72 |    28 ||   284
       Conjure Flame     |       |     1 |    14 |    35 |    23 ||    73
       Sticky Flame      |       |       |    39 |    90 |    74 ||   203
       Fireball          |       |       |     1 |    65 |    39 ||   105
       Bolt of Fire      |       |       |       |       |    81 ||    81
Invok: Call Merchant     |       |       |       |       |     2 ||     2
Evoke: Wand              |       |     4 |    13 |     9 |    25 ||    51
       Fan of gales      |       |       |       |       |     1 ||     1
  Use: Scroll            |     2 |     5 |     9 |    11 |     9 ||    36
 Stab: Sleeping          |       |     2 |     2 |     3 |     3 ||    10
       Distracted        |       |       |       |     2 |       ||     2
       Petrified         |       |       |       |       |     5 ||     5
Armor: Robe              |    14 |    11 |    54 |   108 |    98 ||   285
Dodge: Dodged            |    38 |    35 |   154 |   335 |   348 ||   910
Block: Other             |       |       |       |    13 |    28 ||    41
       Reflection        |       |       |       |       |     1 ||     1
